 Dungeon Crawl Stone Soup version 0.28-a0-932-g843f935a50 (console) character file.

Game seed: 2576145489150036518

224 jejorda2 the Slasher (level 6, -2/39 HPs)
             Began as a Gargoyle Berserker on Nov 27, 2021.
             Was a Believer of Trog.
             Slain by an orc priest (7 damage)
             ... on level 4 of the Dungeon.
             The game lasted 00:08:55 (4041 turns).

jejorda2 the Slasher (Gargoyle Berserker)           Turns: 4041, Time: 00:08:55

Health: -2/39      AC: 14    Str: 22    XL:     6   Next: 0%
Magic:  6/6        EV:  8    Int:  8    God:    Trog [**....]
Gold:   350        SH:  0    Dex:  9    Spells: 5/5 levels left

rFire   . . .      SeeInvis .   a - +0 scimitar
rCold   . . .      Faith    .   (no shield)
rNeg    + . .      Spirit   .   k - +0 chain mail
rPois   ∞          Reflect  .   (no helmet)
rElec   +          Harm     .   (no cloak)
rCorr   .          Rampage  .   (no gloves)
Will    ++...                   n - +0 pair of boots
Stlth   ..........              (no amulet)
HPRegen 1.13/turn               (no ring)
MPRegen 0.10/turn               (no ring)

@: strong-willed (expiring), on berserk cooldown, regenerating (expiring),
slowed, very slow
A: sickness immunity, AC +4, negative energy resistance 1, electricity
resistance, torment resistance 1, petrification resistance
a: Renounce Religion, Berserk, Trog's Hand


You were on level 4 of the Dungeon.
You worshipped Trog.
Trog was pleased with you.
You visited 1 branch of the dungeon, and saw 4 of its levels.
You also visited: Sewer.

You collected 514 gold pieces.
You spent 164 gold pieces at shops.

Inventory:

Hand Weapons
 a - a +0 scimitar (weapon)
 i - a +0 falchion
Missiles
 b - 14 poisoned darts
 d - 137 stones (quivered)
Armour
 k - a +0 chain mail (worn)
 n - a +0 pair of boots (worn)
Jewellery
 e - a ring of resist corrosion
Scrolls
 c - 2 scrolls of teleportation
 m - a scroll of fog
Potions
 f - a potion of heal wounds
 g - 2 potions of mutation
 h - a potion of might {unknown}
 j - a potion of berserk rage
 l - a potion of curing


   Skills:
 + Level 4.5 Fighting
 * Level 4.5 Long Blades
 + Level 3.7 Armour
 - Level 1.5 Dodging


You had 5 spell levels left.
You didn't know any spells.
Your spell library was empty.

Dungeon Overview and Level Annotations

Branches:
Dungeon (4/15)              Sewer (visited)
 Temple: D:4-7

Altars:
Sif Muna
Xom

Shops:
D:3 !(*[


Innate Abilities, Weirdness & Mutations

You are immune to sickness and miasma.
Your stone body is resilient. (AC +4)
You are immune to poison.
You resist negative energy. (rN+)
You are resistant to electric shocks. (rElec)
You are resistant to unholy torment.
You are immune to petrification.


Message History

The giant cockroach bites you but does no damage.
The orc priest mumbles some strange prayers to Beogh against you.
Beogh smites you! The giant cockroach closely misses you.
You slash the giant cockroach!
You kill the giant cockroach!
Trog accepts your kill.
The orc priest hits you but does no damage. x2
The orc priest mumbles some strange prayers to Beogh against you.
Pain shoots through your body!
* * * LOW HITPOINT WARNING * * *
The orc priest miscasts a cantrip.
Items here: )) [ †††.
You closely miss the orc priest. The orc priest barely misses you.
You closely miss the orc priest.
The orc priest hits you but does no damage.
The orc priest barely misses you.
You closely miss the orc priest. The orc priest closely misses you.
The orc priest invokes the aid of Beogh against you.
You barely resist. You hit the orc priest.
The orc priest is heavily wounded.
The orc priest hits you but does no damage.
The orc priest closely misses you.
Your skin crawls.
You feel strong-willed. The orc priest closely misses you.
You hit the orc priest.
The orc priest is severely wounded.
The orc priest hits you but does no damage.
The orc priest mumbles some strange prayers to Beogh against you.
Beogh smites you!
* * * LOW HITPOINT WARNING * * *
You hit the orc priest but do no damage.
The orc priest is severely wounded.
The orc priest barely misses you. x2
You completely miss the orc priest.
The orc priest is severely wounded.
You feel the effects of Trog's Hand fading.
The orc priest hits you with a +0 trident!
You die... ...# #. ...# # #.# #..#.# #..###..#.#... ##....<.......
P #..##...####..
P♣♣♣ .#.#.##...# PP.P:

..........########......
#.##.##....o@).....# ..
#.##########.# ... .o.#
# #. ...... #..#####o .
.# B{ .#


You could see an orc priest.

Vanquished Creatures
  Pargi (Sewer)
  An orc wizard (D:4)
  3 adders
  A river rat (D:3)
  2 worms
  3 dart slugs
  2 orcs (D:4)
  13 bats
  2 endoplasms
  3 giant cockroaches
  5 goblins
  2 hobgoblins
  4 jackals (D:3)
  3 quokkas
  7 ball pythons
  3 kobolds
  7 rats
62 creatures vanquished.

Vanquished Creatures (others)
  3 plants
3 creatures vanquished.

Grand Total: 65 creatures vanquished

Notes
Turn   | Place    | Note
-------+----------+-------------------------------------------
     0 | D:1      | jejorda2 the Gargoyle Berserker began the quest for the
                  | Orb.
     0 | D:1      | Reached XP level 1. HP: 14/14 MP: 1/1
   376 | D:1      | Reached XP level 2. HP: 7/19 MP: 2/2
  1710 | D:2      | Reached XP level 3. HP: 16/23 MP: 3/3
  2211 | D:2      | Reached XP level 4. HP: 28/29 MP: 4/4
  2241 | D:2      | Found a faded altar of an unknown god.
  2639 | D:3      | Found Uxul's Armour Shoppe.
  2758 | D:3      | Found Ebbiufa's Weapon Shoppe.
  2766 | D:3      | Bought a +0 scimitar for 52 gold pieces
  2787 | D:3      | Found a glowing drain.
  2797 | Sewer    | Entered a sewer
  2811 | Sewer    | Reached ** piety under Trog
  2898 | Sewer    | Noticed Pargi
  2912 | Sewer    | Killed Pargi
  2913 | Sewer    | Reached XP level 5. HP: 33/33 MP: 5/5
  3232 | D:3      | Found Irerue's Distillery.
  3242 | D:3      | Bought a potion of curing for 39 gold pieces
  3242 | D:3      | Acquired 325 gold pieces
  3641 | D:3      | Found Ashrei's General Store.
  3783 | D:3      | Found a shimmering blue altar of Sif Muna.
  3894 | D:3      | Found a shimmering altar of Xom.
  3951 | D:3      | Bought a scroll of fog for 28 gold pieces
  3970 | D:3      | Bought a +0 pair of boots for 45 gold pieces
  4031 | D:4      | Reached XP level 6. HP: 26/39 MP: 6/6
  4039 | D:4      | HP: 1/39 [orc priest/divine providence (12)]
  4041 | D:4      | Slain by an orc priest

Illustrated notes

Levels and vault maps discovered:
D:1:      sevenhm_arrival_forest_fort_large_4, layout_rooms, serial_forest,
          infiniplex_forest_clump_cross, infiniplex_forest_end_double,
          infiniplex_forest_lined_1, infiniplex_forest_corner_2,
          infiniplex_forest_straight_4, infiniplex_forest_zigzag_1,
          infiniplex_forest_lined_ring, infiniplex_forest_clump_C,
          infiniplex_forest_clump_diagonal, infiniplex_forest_lined_corner,
          amcnicky_mini_corridor_feature
D:2:      layout_basic, serial_bayou, serial_bayou_lagoon_b,
          serial_bayou_shore_a, serial_bayou_crossing, serial_bayou_pond_b,
          serial_bayou_pond_c, shapermc_ecumenical_altar_pompeii, st_stairs_9,
          chequers_serial_rivers_small_3, minmay_3d_cube
D:3:      layout_loops_ring, lemuel_blue_sif_altar,
          lemuel_coloured_pillars_altar, serial_shops, shop,
          nicolae_shop_competitors_out_of_business,
          nicolae_shop_bloodbath_and_beyond, shop, cheibrodos_sewer_entry_sluice
D:4:      layout_loops_ring, minmay_temple_entry_statues, serial_forest,
          infiniplex_forest_end_3, infiniplex_forest_clump_curved,
          infiniplex_forest_diagonal, infiniplex_forest_straight_4,
          infiniplex_forest_clump_double, infiniplex_forest_straight_3,
          infiniplex_forest_diagonal, uniq_pikel

Skill      XL: |  1  2  3  4 |
---------------+-------------+-----
Long Blades    | 3 4 |  4.5
Armour         | 3 |  3.7
Fighting       | 4 |  4.5
Dodging        | |  1.5

Action                   |  1- 3 |  4- 6 || total
-------------------------+-------+-------++-------
Melee: Falchion          |   106 |    40 ||   146
       Scimitar          |       |    69 ||    69
Throw: Stone             |    24 |       ||    24
Invok: Berserk           |     2 |     3 ||     5
       Trog's Hand       |       |     1 ||     1
  Use: Scroll            |       |     5 ||     5
 Stab: Sleeping          |     1 |       ||     1
Armor: Animal skin       |    53 |       ||    53
       Scale mail        |    10 |    83 ||    93
       Chain mail        |       |    19 ||    19
Dodge: Dodged            |    67 |    87 ||   154

Table legend: (Time is in decaauts)
 A = Elapsed time spent in this place.
 B = Non-inter-level travel time spent in this place.
 C = Inter-level travel time spent in this place.
 D = Time resting spent in this place.
 E = Time spent auto-exploring this place.
 F = Levels seen in this place.
 G = Mean time per level.
                   A        B        C        D        E       F      G
               +--------+--------+--------+--------+--------+-----+--------+
         Total |   4179 |   3983 |    196 |    654 |   2607 |   5 |  835.8 |
       Dungeon |   3955 |   3759 |    196 |    654 |   2492 |   4 |  988.8 |
         Sewer |    223 |    223 |      0 |      0 |    115 |   1 |  223.0 |
               +--------+--------+--------+--------+--------+-----+--------+

Top non-repeatable levels by time:
     D:1: 1571 daAuts
     D:3: 1199 daAuts
     D:2: 1139 daAuts
   Sewer: 223 daAuts
     D:4: 45 daAuts
